 Dungeon Crawl Stone Soup version 0.28.0 (webtiles) character file.

Game seed: 7896588342025370996

7 Hasart the Insei (level 2, -1/18 HPs)
             Began as an Octopode Transmuter on Feb 15, 2022.
             Slain by a quokka (2 damage)
             ... on level 1 of the Dungeon.
             The game lasted 00:01:18 (61 turns).

Hasart the Insei (Octopode Transmuter)                Turns: 61, Time: 00:01:18

Health: -1/18      AC:  1    Str:  9    XL:     2   Next: 4%
Magic:  3/5        EV: 13    Int: 15    God:
Gold:   24         SH:  0    Dex: 12    Spells: 4/5 levels left

rFire   . . .      SeeInvis .     - Unarmed
rCold   . . .      Faith    .   (no shield)
rNeg    . . .      Spirit   .   (helmet currently unavailable)
rPois   .          Reflect  .   (no amulet)
rElec   .          Harm     .   (no ring)
rCorr   .          Rampage  .   (no ring)
Will    .....                   (no ring)
Stlth   ++........              (no ring)
HPRegen 0.06/turn               (no ring)
MPRegen 0.09/turn               (no ring)
                                (no ring)
                                (no ring)

@: appendages
A: tentacle spike 3, almost no armour, amphibious, 8 rings, camouflage 1,
gelatinous body 1, (nimble swimmer 1), tentacles
a: End Transformation


You were on level 1 of the Dungeon.
One of your tentacles had grown a beastly spike.
You visited 1 branch of the dungeon, and saw 1 of its levels.

You collected 24 gold pieces.

You aren't carrying anything.


   Skills:
 + Level 1.1 Fighting
 + Level 2.1 Dodging
 * Level 3.1 Unarmed Combat
 + Level 2.0 Spellcasting
 + Level 2.1 Transmutations


You had 4 spell levels left.
You knew the following spells:

 Your Spells              Type           Power      Damage    Failure   Level
a - Beastly Appendage     Tmut           14%        N/A       10%         1

Your spell library contained the following spells:

 Spells                   Type           Power      Damage    Failure   Level
 Wereblood                Tmut           7%         N/A       14%         2
 Spider Form              Tmut/Pois      4%         N/A       38%         3
 Ice Form                 Ice/Tmut       4%         N/A       80%         4


Dungeon Overview and Level Annotations

Branches:
Dungeon (1/15)

Altars:


Innate Abilities, Weirdness & Mutations

One of your tentacles has grown a beastly spike.
You cannot wear most types of armour.
You are amphibious.
You can wear up to eight rings at the same time.
Your skin changes colour to match your surroundings (Stealth+).
Your rubbery body absorbs attacks. (AC +1, EV +1)
((You are camouflaged when in or above water. (Stealth+)))
You have tentacles for arms and can constrict up to eight enemies at once.


Message History

The jackal barks!
The bat closely misses you.
The bat struggles to escape constriction.
The bat escapes!
A quokka comes into view.
Found 12 gold pieces.
The bat hits you.
You miss the bat. Your grab misses the bat. Your squeeze misses the bat.
The bat is moderately wounded.
The bat hits you but does no damage. The bat misses you.
The bat hits you but does no damage. The bat barely misses you.
The bat hits you but does no damage.
You see here a bat corpse.
Casting: Beastly Appendage (safe; 10% risk of failure)
Confirm with . or Enter, or press ? or * to list all spells.
One of your tentacles grows a vicious spike.
The bat closely misses you. The bat barely misses you.
The bat completely misses you. The jackal misses you.
You tentacle-slap the jackal. Your grab misses the jackal.
You pierce the jackal.
You kill the jackal!
The bat closely misses you. The bat hits you. The jackal misses you.
The bat closely misses you. The bat misses you.
The quokka bites you but does no damage.
The jackal bites you.
* * * LOW HITPOINT WARNING * * *
You see here a jackal corpse.
You completely miss the jackal. You grab the jackal.
Your tentacle spike misses the jackal.
You squeeze the jackal.
You kill the jackal!
The bat misses you. The quokka bites you.
* * * LOW HITPOINT WARNING * * *
The bat closely misses you.
You have reached level 2!
You tentacle-slap the quokka. Your grab misses the quokka.
Your tentacle spike misses the quokka.
Your squeeze misses the quokka.
The quokka is heavily wounded.
The bat barely misses you. x2; The quokka misses you.
The bat barely misses you. The quokka bites you.
You die...

#.# ##.##### ### #...
......##..$ #..#
#.......... ###..#
#.......... ..#..##
########..........
..#$..###.................
..#....##......††r........
..#....##....†.b@#...##...
###....?.........#####
..P..####.......b# ..P..#
#........# ..P..#
#........# PPP..#
#........# .....#
#........# .....#
########## ######


You could see a quokka and 2 bats.

Vanquished Creatures
  A bat (D:1)
  A giant cockroach (D:1)
  2 jackals (D:1)
  A quokka (D:1)
  A rat (D:1)
6 creatures vanquished.

Notes
Turn   | Place    | Note
-------+----------+-------------------------------------------
     0 | D:1      | Hasart the Octopode Transmuter began the quest for the Orb.
     0 | D:1      | Reached XP level 1. HP: 13/13 MP: 3/3
    61 | D:1      | Reached XP level 2. HP: 1/18 MP: 3/5
    61 | D:1      | Slain by a quokka

Illustrated notes

Levels and vault maps discovered:
D:1:      evilmike_arrival_home_sweet_home, layout_rooms,
          dreamdust_ecumenical_altar_hidden_monk_grotto

Action                   || total
-------------------------++-------
Melee: Unarmed           ||    12
       Constrict         ||     4
       Tentacles         ||     4
       Kick              ||     1
 Cast: Beastly Appendage ||     1
Armor: Skin              ||     4
Dodge: Dodged            ||    20
